TOP OF THE 1ST |
New Orleans Voodoo batting - Pitching for Nova Scotia Leviathan : LHP Andrew Johnson
|
Pitching: LHP Andrew Johnson
|
|
Batting: RHB Pedro Ramos
|
0-0: Swinging Strike 0-1: Called Strike 0-2: Ball 1-2: Ball 2-2: Strikes out looking
|
Batting: RHB León García
|
0-0: Ball 1-0: Called Strike 1-1: Foul Ball, location: 2F 1-2: Fly out, F8 (Line Drive, 89S, EV 96.9 MPH)
|
Batting: RHB Obke Veenman
|
0-0: Ground out 4-3 (Groundball, 4, EV 81.2 MPH)
|
Top of the 1st over - 0 runs, 0 hits, 0 errors, 0 left on base; New Orleans 0 - Nova Scotia 0 |
BOTTOM OF THE 1ST |
Nova Scotia Leviathan batting - Pitching for New Orleans Voodoo : RHP Yan van der Meijden
|
Pitching: RHP Yan van der Meijden
|
|
Batting: RHB John Wilkerson
|
0-0: Called Strike 0-1: Foul Ball, location: 2F 0-2: SOLO HOME RUN (Flyball, 9D, EV 97.5 MPH), Distance : 367 ft
|
Batting: LHB Seung-jae Kyong
|
0-0: Foul Ball, location: 2F 0-1: Foul Ball, location: 2F 0-2: Ball 1-2: Ball 2-2: SINGLE (Flyball, 8RS, EV 93.1 MPH)
|
Batting: LHB Benno Luby
|
0-0: Ball 1-0: Ball 2-0: Ball 3-0: Called Strike 3-1: Base on Balls Seung-jae Kyong to second
|
Batting: LHB Qing-nian Zexian
|
0-0: Foul Ball, location: 2F 0-1: Foul Ball, location: 2F 0-2: SINGLE (Groundball, 34D, EV 96.2 MPH) Seung-jae Kyong to third Benno Luby to second
|
Batting: SHB Gavin Okel
|
0-0: Called Strike 0-1: Ball 1-1: Swinging Strike 1-2: Foul Ball, location: 2F 1-2: Strikes out swinging
|
Batting: SHB Marços Mansilha
|
0-0: SINGLE (Groundball, 6D, EV 110.0 MPH) Seung-jae Kyong scores Benno Luby to third Qing-nian Zexian to second Runner from 3rd tries for Home, SAFE, throw by CF to home
|
Batting: RHB Juan Barrón
|
0-0: Called Strike 0-1: Foul Ball, location: 2F 0-2: Strikes out swinging
|
Batting: LHB Len Sandison
|
0-0: Called Strike 0-1: Ball 1-1: Ball 2-1: Foul Ball, location: 2F 2-2: Ground out 3-1 (Groundball, 34, EV 81.2 MPH)
|
Bottom of the 1st over - 3 runs, 4 hits, 0 errors, 2 left on base; New Orleans 0 - Nova Scotia 3 |
TOP OF THE 2ND |
New Orleans Voodoo batting - Pitching for Nova Scotia Leviathan : LHP Andrew Johnson
|
Batting: LHB Michizane Yamashita
|
0-0: Ball 1-0: Fly out, F8 (Flyball, 8RXD, EV 105.6 MPH)
|
Batting: RHB Francisco De La Cruz
|
0-0: Foul Ball, location: 2F 0-1: Ball 1-1: Foul Ball, location: 2F 1-2: Foul Ball, location: 2F 1-2: Foul Ball, location: 2F 1-2: Foul Ball, location: 2F 1-2: Ball 2-2: Strikes out looking
|
Batting: RHB Pancho Hernández
|
0-0: Ground out 6-3 (Groundball, 6, EV 96.2 MPH)
|
Top of the 2nd over - 0 runs, 0 hits, 0 errors, 0 left on base; New Orleans 0 - Nova Scotia 3 |
BOTTOM OF THE 2ND |
Nova Scotia Leviathan batting - Pitching for New Orleans Voodoo : RHP Yan van der Meijden
|
Batting: RHB Amaru Kishore
|
0-0: Ball 1-0: Swinging Strike 1-1: Swinging Strike 1-2: Strikes out swinging
|
Batting: RHB John Wilkerson
|
0-0: Ball 1-0: Swinging Strike 1-1: Foul Ball, location: 2F 1-2: Foul Ball, location: 2F 1-2: Ball 2-2: Ball 3-2: Base on Balls
|
Batting: LHB Seung-jae Kyong
|
0-0: Swinging Strike 0-1: Ball 1-1: Ball 2-1: Foul Ball, location: 2F 2-2: Foul Ball, location: 2F 2-2: Foul Ball, location: 2F 2-2: Foul Ball, location: 2F 2-2: Ball 3-2: Strikes out swinging
|
Batting: LHB Benno Luby
|
0-0: Swinging Strike 0-1: Ball John Wilkerson steals 2nd base 1-1: Ball 2-1: SINGLE (Groundball, 34D, EV 108.8 MPH) John Wilkerson to third Runner from 3rd tries for Home, SAFE, throw by RF to home
|
Batting: LHB Qing-nian Zexian
|
0-0: Ball 1-0: Ball 2-0: 2-RUN HOME RUN (Flyball, 9D, EV 96.2 MPH), Distance : 381 ft
|
Pitching: LHP Chase Sims
|
|
Batting: SHB Gavin Okel
|
0-0: DOUBLE (Flyball, 8LXD, EV 115.6 MPH)
|
Batting: SHB Marços Mansilha
|
0-0: Fly out, F7 (Flyball, 7LM, EV 91.9 MPH)
|
Bottom of the 2nd over - 3 runs, 3 hits, 0 errors, 1 left on base; New Orleans 0 - Nova Scotia 6 |
TOP OF THE 3RD |
New Orleans Voodoo batting - Pitching for Nova Scotia Leviathan : LHP Andrew Johnson
|
Batting: RHB A.T. Tappman
|
0-0: Ground out 5-3 (Groundball, 5L, EV 80.6 MPH)
|
Batting: SHB Kolby Hay
|
0-0: Swinging Strike 0-1: Called Strike 0-2: Foul Ball, location: 2F 0-2: Strikes out looking
|
Batting: RHB Anthony Roosemont
|
0-0: Fly out, F9 (Flyball, 9LM, EV 105.6 MPH)
|
Top of the 3rd over - 0 runs, 0 hits, 0 errors, 0 left on base; New Orleans 0 - Nova Scotia 6 |
BOTTOM OF THE 3RD |
Nova Scotia Leviathan batting - Pitching for New Orleans Voodoo : LHP Chase Sims
|
Batting: RHB Juan Barrón
|
0-0: SINGLE (Groundball, 6MD, EV 94.4 MPH)
|
Batting: LHB Len Sandison
|
0-0: Fly out, F9 (Line Drive, 9, EV 112.5 MPH)
|
Batting: RHB Amaru Kishore
|
0-0: Grounds into double play, 6-4-3 (Groundball, 6, EV 111.2 MPH)
|
Bottom of the 3rd over - 0 runs, 1 hit, 0 errors, 0 left on base; New Orleans 0 - Nova Scotia 6 |
TOP OF THE 4TH |
New Orleans Voodoo batting - Pitching for Nova Scotia Leviathan : LHP Andrew Johnson
|
Batting: RHB Pedro Ramos
|
0-0: Called Strike 0-1: Called Strike 0-2: Ball 1-2: Ball 2-2: Foul Ball, location: 2F 2-2: SINGLE (Groundball, 4D, EV 106.9 MPH)
|
Batting: RHB León García
|
0-0: Called Strike 0-1: Ball 1-1: Swinging Strike 1-2: Ball 2-2: Strikes out swinging
|
Batting: RHB Obke Veenman
|
0-0: Ball 1-0: SINGLE (Line Drive, 78S, EV 98.8 MPH) Pedro Ramos to second
|
Batting: LHB Michizane Yamashita
|
0-0: Called Strike 0-1: Ball 1-1: Ball 2-1: Fly out, F8 (Flyball, 8LD, EV 96.9 MPH) Runner from 2nd tags up, SAFE at 3rd with throw by CF
|
Batting: RHB Francisco De La Cruz
|
0-0: Ball 1-0: Called Strike 1-1: Ball 2-1: Swinging Strike 2-2: Strikes out swinging
|
Top of the 4th over - 0 runs, 2 hits, 0 errors, 2 left on base; New Orleans 0 - Nova Scotia 6 |
BOTTOM OF THE 4TH |
Nova Scotia Leviathan batting - Pitching for New Orleans Voodoo : LHP Chase Sims
|
Batting: RHB John Wilkerson
|
0-0: Ball 1-0: Ball 2-0: Swinging Strike 2-1: Swinging Strike 2-2: Fly out, F6 (Popup, 4MD, EV 58.1 MPH)
|
Batting: LHB Seung-jae Kyong
|
0-0: Ball 1-0: Swinging Strike 1-1: Ball 2-1: Foul Ball, location: 2F 2-2: Strikes out looking
|
Batting: LHB Benno Luby
|
0-0: Ball 1-0: Foul Ball, location: 2F 1-1: Ball 2-1: SINGLE (Groundball, 4D, EV 101.9 MPH)
|
Batting: LHB Qing-nian Zexian
|
0-0: Ground out 4-3 (Groundball, 34, EV 83.1 MPH)
|
Bottom of the 4th over - 0 runs, 1 hit, 0 errors, 1 left on base; New Orleans 0 - Nova Scotia 6 |
TOP OF THE 5TH |
New Orleans Voodoo batting - Pitching for Nova Scotia Leviathan : LHP Andrew Johnson
|
Batting: RHB Pancho Hernández
|
0-0: Ball 1-0: Swinging Strike 1-1: Foul Ball, location: 2F 1-2: Strikes out swinging
|
Batting: RHB A.T. Tappman
|
0-0: Ball 1-0: Ground out 6-3 (Groundball, 6S, EV 69.4 MPH)
|
Batting: SHB Kolby Hay
|
0-0: Called Strike 0-1: Foul Ball, location: 2F 0-2: Ground out 5-3 (Groundball, 5, EV 100.6 MPH)
|
Top of the 5th over - 0 runs, 0 hits, 0 errors, 0 left on base; New Orleans 0 - Nova Scotia 6 |
BOTTOM OF THE 5TH |
Nova Scotia Leviathan batting - Pitching for New Orleans Voodoo : LHP Chase Sims
|
Batting: SHB Gavin Okel
|
0-0: Called Strike 0-1: Swinging Strike 0-2: Ball 1-2: Foul Ball, location: 2F 1-2: Ground out 4-3 (Groundball, 4M, EV 83.1 MPH)
|
Batting: SHB Marços Mansilha
|
0-0: Foul Ball, location: 2F 0-1: Ball 1-1: Ball 2-1: Swinging Strike 2-2: Ball 3-2: Strikes out looking
|
Batting: RHB Juan Barrón
|
0-0: Ball 1-0: Ball 2-0: SINGLE (Line Drive, 89M, EV 110.0 MPH)
|
Batting: LHB Len Sandison
|
0-0: Ball 1-0: Fielders Choice at 2nd, 6-4 (Groundball, 6, EV 83.8 MPH)
|
Bottom of the 5th over - 0 runs, 1 hit, 0 errors, 1 left on base; New Orleans 0 - Nova Scotia 6 |
TOP OF THE 6TH |
New Orleans Voodoo batting - Pitching for Nova Scotia Leviathan : LHP Andrew Johnson
|
Batting: RHB Anthony Roosemont
|
0-0: Ground out 4-3 (Groundball, 4D, EV 85.6 MPH)
|
Batting: RHB Pedro Ramos
|
0-0: Ball 1-0: Called Strike 1-1: Ball 2-1: Ball 3-1: Base on Balls
|
Batting: RHB León García
|
0-0: Called Strike 0-1: Foul Ball, location: 2F 0-2: Ball 1-2: Ball 2-2: Fly out, F9 (Flyball, 9S, EV 90.6 MPH)
|
Batting: RHB Obke Veenman
|
0-0: Ball Pedro Ramos steals 2nd base (no throw) 1-0: Ground out 4-3 (Groundball, 4MD, EV 91.9 MPH)
|
Top of the 6th over - 0 runs, 0 hits, 0 errors, 1 left on base; New Orleans 0 - Nova Scotia 6 |
BOTTOM OF THE 6TH |
Nova Scotia Leviathan batting - Pitching for New Orleans Voodoo : LHP Chase Sims
|
Batting: RHB Amaru Kishore
|
0-0: Ball 1-0: Foul Ball, location: 2F 1-1: Ball 2-1: Ball 3-1: SINGLE (Flyball, 7LS, EV 87.5 MPH) - OUT at second base trying to stretch hit.
|
Batting: RHB John Wilkerson
|
0-0: Called Strike 0-1: Called Strike 0-2: Foul Ball, location: 2F 0-2: Ball 1-2: Fly out, F9 (Line Drive, 89M, EV 90.6 MPH)
|
Batting: LHB Seung-jae Kyong
|
0-0: Ball 1-0: Called Strike 1-1: Ball 2-1: SINGLE (Line Drive, 78S, EV 99.4 MPH)
|
Batting: LHB Benno Luby
|
0-0: SINGLE (Groundball, 34D, EV 100.6 MPH) Seung-jae Kyong to second Runner from 2nd tries for 3rd, SAFE, no throw by RF
|
Batting: LHB Qing-nian Zexian
|
0-0: Called Strike 0-1: Ball 1-1: Foul Ball, location: 2F 1-2: Strikes out swinging
|
Bottom of the 6th over - 0 runs, 3 hits, 0 errors, 2 left on base; New Orleans 0 - Nova Scotia 6 |
TOP OF THE 7TH |
New Orleans Voodoo batting - Pitching for Nova Scotia Leviathan : LHP Andrew Johnson
|
Batting: LHB Michizane Yamashita
|
0-0: Called Strike 0-1: SINGLE (Line Drive, 89S, EV 93.1 MPH)
|
Batting: RHB Francisco De La Cruz
|
0-0: Foul Ball, location: 2F 0-1: Swinging Strike 0-2: Ball 1-2: Strikes out looking
|
Batting: RHB Pancho Hernández
|
0-0: Ball 1-0: Ball 2-0: Ball 3-0: Called Strike 3-1: SINGLE (Flyball, 56D, EV 86.2 MPH) Michizane Yamashita to second
|
Batting: RHB A.T. Tappman
|
0-0: Ball 1-0: Ball 2-0: Ball 3-0: Called Strike 3-1: Base on Balls Michizane Yamashita to third Pancho Hernández to second
|
Batting: SHB Kolby Hay
|
0-0: Ball 1-0: Ball 2-0: Ball 3-0: Base on Balls Michizane Yamashita scores Pancho Hernández to third A.T. Tappman to second
|
Batting: RHB Anthony Roosemont
|
0-0: Foul Ball, location: 2F 0-1: Swinging Strike 0-2: Ball 1-2: DOUBLE (Line Drive, 89M, EV 108.8 MPH) Pancho Hernández scores A.T. Tappman scores Kolby Hay to third
|
Batting: RHB Pedro Ramos
|
0-0: Called Strike 0-1: Foul Ball, location: 2F 0-2: Ground out U3 (Groundball, 3, EV 89.4 MPH)
|
Batting: RHB León García
|
0-0: Ball 1-0: Foul Ball, location: 2F 1-1: Fly out, F3 (Popup, 23F, EV 83.8 MPH)
|
Top of the 7th over - 3 runs, 3 hits, 0 errors, 2 left on base; New Orleans 3 - Nova Scotia 6 |
BOTTOM OF THE 7TH |
Nova Scotia Leviathan batting - Pitching for New Orleans Voodoo : LHP Chase Sims
|
Batting: SHB Gavin Okel
|
0-0: Ball 1-0: Called Strike 1-1: Swinging Strike 1-2: Ball 2-2: Strikes out swinging
|
Batting: SHB Marços Mansilha
|
0-0: Ball 1-0: Ball 2-0: Ground out 6-3 (Groundball, 6S, EV 65.0 MPH)
|
Batting: RHB Juan Barrón
|
0-0: Ground out 5-3 (Groundball, 56S, EV 90.6 MPH)
|
Bottom of the 7th over - 0 runs, 0 hits, 0 errors, 0 left on base; New Orleans 3 - Nova Scotia 6 |
TOP OF THE 8TH |
New Orleans Voodoo batting - Pitching for Nova Scotia Leviathan : LHP Andrew Johnson
|
Batting: RHB Obke Veenman
|
0-0: Swinging Strike 0-1: Ball 1-1: SINGLE (Line Drive, 89S, EV 110.6 MPH)
|
Batting: LHB Michizane Yamashita
|
0-0: Ball 1-0: Ball 2-0: Ball 3-0: SINGLE (Line Drive, 4D, EV 98.8 MPH) Obke Veenman to second
|
Pitching: RHP Isaac Gunner
|
|
Batting: RHB Francisco De La Cruz
|
0-0: Ball 1-0: Ball 2-0: Called Strike 2-1: Foul Ball, location: 2F 2-2: Foul Ball, location: 2F 2-2: Fielders Choice at 2nd, 5-4 (Groundball, 5, EV 83.1 MPH) Obke Veenman to third
|
Batting: RHB Pancho Hernández
|
0-0: Foul Ball, location: 2F 0-1: Swinging Strike 0-2: Ball 1-2: Foul Ball, location: 2F 1-2: Strikes out looking
|
Batting: RHB A.T. Tappman
|
0-0: Called Strike 0-1: Swinging Strike 0-2: Ball 1-2: Strikes out swinging
|
Top of the 8th over - 0 runs, 2 hits, 0 errors, 2 left on base; New Orleans 3 - Nova Scotia 6 |
BOTTOM OF THE 8TH |
Nova Scotia Leviathan batting - Pitching for New Orleans Voodoo : LHP Chase Sims
|
Batting: LHB Len Sandison
|
0-0: Ball 1-0: Ground out 4-3 (Groundball, 4M, EV 83.1 MPH)
|
Batting: RHB Amaru Kishore
|
0-0: Ball 1-0: Ball 2-0: DOUBLE (Line Drive, 9LM, EV 96.9 MPH)
|
Pitching: LHP Herman Stone
|
|
Batting: RHB John Wilkerson
|
0-0: Ball 1-0: Ball 2-0: Swinging Strike 2-1: Ball 3-1: Base on Balls
|
Batting: LHB Seung-jae Kyong
|
0-0: Foul Ball, location: 2F 0-1: Called Strike 0-2: Ball 1-2: Strikes out swinging
|
Batting: LHB Benno Luby
|
0-0: Fly out, F8 (Line Drive, 78D, EV 88.8 MPH)
|
Bottom of the 8th over - 0 runs, 1 hit, 0 errors, 2 left on base; New Orleans 3 - Nova Scotia 6 |
TOP OF THE 9TH |
New Orleans Voodoo batting - Pitching for Nova Scotia Leviathan : RHP Isaac Gunner
|
Batting: SHB Kolby Hay
|
0-0: Called Strike 0-1: Ball 1-1: SINGLE (Flyball, 6D, EV 90.6 MPH)
|
Batting: RHB Anthony Roosemont
|
0-0: Grounds into double play, 4-6-3 (Groundball, 4, EV 106.2 MPH)
|
Pinch Hitting: LHB Brad Stannard
|
0-0: Foul Ball, location: 2F 0-1: Ball 1-1: Ball 2-1: Foul Ball, location: 2F 2-2: Ball 3-2: Fly out, F9 (Flyball, 89S, EV 86.9 MPH)
|
Top of the 9th over - 0 runs, 1 hit, 0 errors, 0 left on base; New Orleans 3 - Nova Scotia 6 |
|